 Dungeon Crawl Stone Soup version 0.18.1-48-g4cf74bf (webtiles) character file.

1449 Gargoyl the Covered (level 8, 0/63 HPs)
             Began as a Demonspawn Abyssal Knight on Aug 16, 2016.
             Was a High Priest of Lugonu.
             Slain by a killer bee (4 damage)
             ... on level 7 of the Dungeon.
             The game lasted 00:15:13 (7033 turns).

Gargoyl the Covered (Demonspawn Abyssal Knight)     Turns: 7033, Time: 00:15:14

Health: 0/63       AC: 22    Str: 17 (19) XL:     8   Next: 47%
Magic:  9/9        EV:  7    Int: 16 (18) God:    Lugonu [*****.]
Gold:   289        SH:  9    Dex: 13 (14) Spells: 0 memorised, 7 levels left

rFire  . . .     SeeInvis .     o - +1 war axe
rCold  + . .     Gourm    .     D - +0 plate armour
rNeg   + . .     Faith    .     e - +0 buckler
rPois  .         Spirit   .     a - +1 hat {Int+3}
rElec  .         Dismiss  .     h - +1 cloak
rCorr  .         Reflect  +     (no gloves)
SustAt .         Harm     .     v - +0 pair of boots
MR     .....     Clarity  +     p - +5 amulet of reflection
Stlth  ..........               (no ring)
                                q - ring of positive energy

@: mighty, lethally poisoned (0 -> -2), exhausted, flying, slowed, very slow,
not resistant to hostile enchantments, extremely unstealthy
A: antennae 1, rugged brown scales 1, agile 1, blurry vision 1, clarity, cold
resistance 1, deformed body, demonic guardian 1, icemail, freezing cloud
immunity
a: Depart the Abyss, Bend Space, Banish, Corrupt, Enter the Abyss, Renounce
Religion


You were on level 7 of the Dungeon.
You worshipped Lugonu.
Lugonu was extremely pleased with you.
You were very hungry.

You visited 1 branch of the dungeon, and saw 7 of its levels.
You visited the Abyss 1 time.

You collected 289 gold pieces.

Inventory:

Hand Weapons
 o - a +1 war axe (weapon)
 x - a +0 blowgun
Missiles
 y - 44 poisoned needles
Armour
 a - a +1 hat of intelligence (worn)
 e - a +0 buckler (worn)
 h - a +1 cloak (worn)
 v - a +0 pair of boots (worn)
 D - a +0 plate armour (worn)
Jewellery
 p - a +5 amulet of reflection (around neck)
 q - a ring of positive energy (left hand)
Wands
 r - a wand of random effects (31/48)
 t - a wand of enslavement (8/24)
Scrolls
 g - 2 scrolls of magic mapping
 k - 4 scrolls of fog
 m - 3 scrolls of identify
 n - 3 scrolls of amnesia
 u - 2 scrolls of remove curse
Potions
 i - a potion of degeneration
 l - a potion of flight
 z - 4 potions of agility
Comestibles
 b - 5 meat rations
 c - 4 bread rations
 f - a slice of pizza
 j - 3 beef jerkies


   Skills:
 + Level 5.0 Fighting
 + Level 4.2 Axes
 * Level 5.3 Armour
 + Level 4.7 Dodging
 + Level 1.1 Stealth
 + Level 3.1 Shields
 + Level 2.6 Invocations


You had 7 spell levels left.
You didn't know any spells.

Dungeon Overview and Level Annotations

Branches:
Dungeon (7/15)
 Temple: D:4-7

Altars:
Fedhas
Kikubaaqudgha
Makhleb
Vehumet


Innate Abilities, Weirdness & Mutations

You have a pair of small antennae on your head.
You are partially covered in rugged brown scales (AC +1, +3% HP).
Your flesh is cold resistant.
A weak demonic guardian rushes to your aid.
A meltable icy envelope protects you from harm (AC +10).
You are immune to freezing clouds.
You are agile. (Dex +2)
Scrolls take you a little longer to read.
You possess an exceptional clarity of mind.
Armour fits poorly on your strangely shaped body.


Message History

You feel a strong urge to attack something.
You feel sick.
You feel your anger subside.
You are no longer berserk.
You are exhausted.
You feel yourself slow down.
You are feeling very hungry.
* * * LOW HITPOINT WARNING * * *
You feel sick.
Drink which item? (? for menu, Esc to quit)
It was a potion of mutation.
You feel extremely strange.
Your thoughts seem clearer.
Your vision blurs.
Your body twists and deforms.
You feel sick.
The killer bee closely misses your crimson imp.
The killer bee stings your crimson imp.
Your crimson imp dies!
You feel sick.
You feel sick.
The killer bee stings you but does no damage.
The killer bee stings you.
You die...

... ..# . ...# #.
...# #..# #...#
### #.. ##... {.##
.... #..#
###..##.####.###@#
#.ys.5.....#...y.#
#ooy)......#.#####
#5y<†.......
#.......F..
######.#### .# . #


You could see a killer bee.

Vanquished Creatures
  An ice beast (D:6)
  3 centaurs
  A crimson imp (D:6)
  2 hounds
  A gnoll shaman (D:5)
  2 iguanas
  3 worker ants (D:4)
  3 orc wizards
  A howler monkey zombie (D:6)
  10 adders
  9 gnolls
  A shadow imp (D:5)
  An ooze (D:3)
  2 adder zombies
  3 worms
  3 dart slugs
  3 giant geckos
  21 orcs
  A ball python (D:1)
  3 bats (D:3)
  6 giant cockroaches
  9 goblins
  14 hobgoblins
  15 jackals
  2 quokkas
  A giant gecko skeleton (D:6)
  5 giant newts
  A jackal skeleton (D:5)
  13 kobolds
  A quokka skeleton (D:3)
  11 rats
152 creatures vanquished.

Vanquished Creatures (collateral kills)
  An orc warrior (D:6)
  An ogre (D:5)
  2 phantoms (D:6)
  A scorpion (D:4)
  A killer bee (D:7)
  A crimson imp (D:6)
  A centaur zombie (D:6)
  An orc priest (D:6)
  3 hounds
  A worker ant (D:5)
  2 gnolls (D:2)
  2 orcs
  4 jackals
21 creatures vanquished.

Grand Total: 173 creatures vanquished

Notes
Turn   | Place    | Note
--------------------------------------------------------------
     0 | Abyss:1  | Gargoyl the Demonspawn Abyssal Knight began the quest for the Orb.
     0 | Abyss:1  | Reached XP level 1. HP: 18/18 MP: 2/2
    21 | Abyss:2  | Found a corrupted altar of Lugonu.
    21 | Abyss:2  | Noticed an earth elemental
    53 | Abyss:3  | Found a corrupted altar of Lugonu.
    55 | Abyss:3  | Noticed a giant orange brain
    56 | D:1      | Escaped the Abyss
   128 | D:1      | Reached * piety under Lugonu
   215 | D:1      | Gained mutation: Your flesh is cold resistant. [demonic ancestry]
   215 | D:1      | Reached XP level 2. HP: 20/24 MP: 3/3
   764 | D:1      | Reached skill level 1 in Dodging
   778 | D:1      | Gained mutation: A weak demonic guardian rushes to your aid. [demonic ancestry]
   778 | D:1      | Reached XP level 3. HP: 29/29 MP: 4/4
  1127 | D:2      | Reached ** piety under Lugonu
  1766 | D:2      | Gained mutation: You are immune to freezing clouds. [demonic ancestry]
  1766 | D:2      | Reached XP level 4. HP: 33/36 MP: 5/5
  2349 | D:3      | Gained mutation: You are agile. (Dex +2) [potion of beneficial mutation]
  2615 | D:2      | HP: 1/37 [gnoll/flail (4)]
  3094 | D:2      | Gained mutation: You have a pair of small antennae on your head. [demonic ancestry]
  3094 | D:2      | Reached XP level 5. HP: 15/42 MP: 6/6
  3666 | D:3      | Reached *** piety under Lugonu
  4090 | D:4      | Reached skill level 1 in Shields
  4090 | D:4      | Gained mutation: A meltable icy envelope protects you from harm (AC +10). [demonic ancestry]
  4090 | D:4      | Reached XP level 6. HP: 38/48 MP: 7/7
  4975 | D:5      | Entered Level 5 of the Dungeon
  5141 | D:5      | Gained mutation: You are partially covered in rugged brown scales (AC +1, +3% HP). [demonic ancestry]
  5141 | D:5      | Reached XP level 7. HP: 48/55 MP: 8/8
  5295 | D:5      | Reached **** piety under Lugonu
  5395 | D:5      | Found a radiant altar of Vehumet.
  6170 | D:6      | Reached XP level 8. HP: 62/62 MP: 9/9
  6230 | D:6      | Found a blossoming altar of Fedhas.
  6232 | D:6      | Found an ancient bone altar of Kikubaaqudgha.
  6251 | D:6      | Reached skill level 5 in Armour
  6632 | D:6      | Reached skill level 1 in Stealth
  6909 | D:6      | Reached ***** piety under Lugonu
  6941 | D:6      | Found a burning altar of Makhleb.
  6941 | D:6      | Noticed a green death
  6944 | D:6      | Noticed an orange demon
  6944 | D:6      | Noticed an orange demon
  7018 | D:7      | Reached skill level 5 in Fighting
  7031 | D:7      | Gained mutation: You possess an exceptional clarity of mind. [potion of mutation]
  7031 | D:7      | Gained mutation: Scrolls take you a little longer to read. [potion of mutation]
  7031 | D:7      | Gained mutation: Armour fits poorly on your strangely shaped body. [potion of mutation]
  7033 | D:7      | Slain by a killer bee

Skill      XL: |  1  2  3  4  5  6  7  8 |
---------------+-------------------------+-----
Armour         | 2 3 4 5 |  5.3
Axes           | 2 3 4 |  4.2
Dodging        | 1 2 3 4 |  4.7
Shields        | 1 2 3 |  3.1
Fighting       | 4 5 |  5.0
Stealth        | 1 |  1.1
Invocations    | |  2.6

Action                   |  1- 3 |  4- 6 |  7- 9 || total
-------------------------+-------+-------+-------++-------
Melee: Hand axe          |   122 |   297 |   108 ||   527
       War axe           |       |       |   170 ||   170
Invok: Depart the Abyss  |     1 |       |       ||     1
       Bend Space        |       |       |     1 ||     1
  Use: Scroll            |     1 |    10 |     4 ||    15
       Potion            |       |     5 |     5 ||    10
 Stab: Sleeping          |     1 |       |       ||     1
       Distracted        |       |     1 |     2 ||     3
  Eat: Chunk             |     3 |    11 |     2 ||    16
       Bread ration      |       |       |     1 ||     1
Armor: Leather armour    |     2 |       |       ||     2
       Ring mail         |    38 |   121 |       ||   159
       Scale mail        |       |     2 |    96 ||    98
       Plate armour      |       |       |    49 ||    49
       Chain mail        |       |       |    48 ||    48
       Skin              |       |       |     1 ||     1
Dodge: Dodged            |    84 |   197 |   133 ||   414
Block: Buckler           |    18 |    84 |   176 ||   278
       Reflection        |       |       |     3 ||     3
